 Dungeon Crawl Stone Soup version 0.20.1-1-g8b1a95d (webtiles) character file.

37 renl the Ruffian (level 3, 0/33 HPs)
             Began as a Troll Transmuter on July 23, 2017.
             Was a Follower of Elyvilon.
             Succumbed to an adder's poison
             ... on level 2 of the Dungeon.
             The game lasted 00:03:34 (814 turns).

renl the Ruffian (Troll Transmuter)                  Turns: 814, Time: 00:03:34

Health: 0/33       AC:  6    Str: 18    XL:     3   Next: 21%
Magic:  3/3        EV: 10    Int:  9    God:    Elyvilon [*.....]
Gold:   74         SH:  0    Dex: 11    Spells: 4/4 levels left

rFire    . . .     SeeInvis .     - Unarmed
rCold    . . .     Gourm    +   (no shield)
rNeg     . . .     Faith    .   b - +1 robe
rPois    .         Spirit   .   (helmet restricted)
rElec    .         Reflect  .   (no cloak)
rCorr    .         Harm     .   (gloves unavailable)
MR       .....                  (boots unavailable)
Stlth    +.........             p - amulet of inaccuracy (curse)
Regen    0.6/turn               (no ring)
MPRegen  0.1/turn               (no ring)

@: lethally poisoned (0 -> 0)
A: unfitting armour, claws 3, fast metabolism 3, gourmand, regeneration 1,
shaggy fur 1, tough skin 2
a: Lesser Healing, Divine Protection, Renounce Religion


You were on level 2 of the Dungeon.
You worshipped Elyvilon.
Elyvilon was aware of your devotion.
You were very full.

You visited 1 branch of the dungeon, and saw 2 of its levels.

You collected 74 gold pieces.

Inventory:

Missiles
 a - 12 arrows
Armour
 b - a +1 robe (worn)
Jewellery
 j - an uncursed amulet of faith
 p - a cursed amulet of inaccuracy (around neck)
Scrolls
 i - a scroll of identify
 n - a scroll of enchant armour
 q - a scroll of amnesia
 r - a scroll of fog {unknown}
Potions
 e - a potion of heal wounds {unknown}
 f - a potion of haste {unknown}
 h - 3 potions of brilliance
 k - a potion of cancellation {unknown}
 l - a potion of degeneration {unknown}
 o - a potion of curing {unknown}
Books
 c - a book of Changes

   Spells                             Type                      Level
   a - Beastly Appendage              Transmutation                1
   b - Sticks to Snakes               Transmutation                2
   c - Spider Form                    Transmutation/Poison         3
   d - Ice Form                       Ice/Transmutation            4
   e - Blade Hands                    Transmutation                5
Comestibles
 d - 3 bread rations
 g - 2 meat rations
 m - a royal jelly


   Skills:
 + Level 1.0 Fighting
 - Level 1.5 Dodging
 + Level 4.1 Unarmed Combat
 - Level 1.2 Spellcasting
   Level 1.5 Transmutations


You had 4 spell levels left.
You didn't know any spells.

Dungeon Overview and Level Annotations

Branches:
Dungeon (2/15)

Altars:
Elyvilon


Innate Abilities, Weirdness & Mutations

You are too large for most types of armour.
You have claws for hands.
Your metabolism is lightning-fast.
You like to eat raw meat.
Your natural rate of healing is unusually fast.
You are covered in fur. (AC +1)
You have very tough skin. (AC +2)


Message History

The adder is moderately wounded.
You feel sick. The adder bites you.
* * * LOW HITPOINT WARNING * * *
You barely miss the adder.
The adder is moderately wounded.
The adder closely misses you.
You closely miss the adder.
The adder is moderately wounded.
You feel sick. The adder barely misses you.
You barely miss the adder.
The adder is moderately wounded.
The adder closely misses you.
You completely miss the adder.
The adder is moderately wounded.
The adder bites you.
* * * LOW HITPOINT WARNING * * *
The adder closely misses you.
You miss the adder.
The adder is moderately wounded.
You die...

#****** #.# .,,,,,*
#.# #####,* #.#
....#,* #.# ....#,*
#.# ....#,* #.#
....#,* #.#
....#,***##########.##
....+,,,,.>....S@....#
....#,***#############
....#,,,,,,,,,,,,,,,<*
#####*****************


You could see an adder.

Vanquished Creatures
  2 worms (D:2)
  A dart slug (D:1)
  5 bats
  A giant cockroach (D:1)
  4 hobgoblins
  2 jackals (D:1)
  A frilled lizard (D:1)
  4 goblins (D:1)
  5 kobolds (D:1)
  4 rats
29 creatures vanquished.

Notes
Turn   | Place    | Note
-------+----------+-------------------------------------------
     0 | D:1      | renl the Troll Transmuter began the quest for the Orb.
     0 | D:1      | Reached XP level 1. HP: 18/18 MP: 1/1
   169 | D:1      | Reached XP level 2. HP: 26/26 MP: 2/2
   487 | D:1      | Reached skill level 1 in Fighting
   641 | D:2      | Reached skill level 4 in Unarmed Combat
   654 | D:2      | Reached XP level 3. HP: 33/33 MP: 3/3
   711 | D:2      | Found a faded altar of an unknown god.
   732 | D:2      | Became a worshipper of Elyvilon the Healer
   732 | D:2      | Reached * piety under Elyvilon
   813 | D:2      | HP: 1/33 [adder (4)]
   814 | D:2      | Succumbed to an adder's poison

Skill      XL: |  1  2 |
---------------+-------+-----
Fighting       | 1 |  1.0
Unarmed Combat | 4 |  4.1
Dodging        | |  1.5
Spellcasting   | |  1.2
Transmutations | |  1.5

Action                   || total
-------------------------++-------
Melee: Unarmed           ||   115
  Use: Scroll            ||     6
  Eat: Chunk             ||    11
Armor: Robe              ||    39
Dodge: Dodged            ||    68
